cohdb
Replays
Latest Replays
All Replays
Popular Replays
Top Player Replays
Match Explorer
How It Works
Community
CoH3 Stats
Reddit
Sign in to upload your games and track your stats! →
Sign in with Steam
Match 46014724
Unlisted
Match 46014724
Overview
Messages
Build Orders
End
Pioneer Squad
Construct Infanterie Kompanie
Selects Terror Battlegroup
Grenadier Squad
Selects Heavy Gunnery
Selects Machine Gun Camouflage
MG 42 Machine Gun Team
Grenadier Squad
Construct Panzergrenadier Kompanie
251 Medium Carrier
Medical Bunker
Pak 40 Anti-tank Gun Team
Panzergrenadier Squad
Selects Interrogate
Construct Panzer Kompanie
Selects Defend the Fatherland
Stoßtruppen Squad
Panzer IV Medium Tank
Panzer IV Medium Tank
Stoßtruppen Squad
Dark Lord Cthulhu
Felippe
ColdBlood
GetSlaped
0
0
Comments
sign in to comment!
No comments posted yet!